Map: Catalyst LE

Players

Stephano - Winner!

  • Race: Zerg Zerg
  • Spawn Location: 11:00

RAIL

  • Race: Protoss Protoss
  • Spawn Location: 5:00

Event: WCS Leipzig 2018

VOD

Have the link to the VOD?

Description

Time

  • Played on: Jan. 26, 2018, 9:32 a.m.
  • Length: 6:57

All games in this series

Show
View Real Time Build Order
Export as new Build Order

Stephano Zerg - Winner!

Build Orders: Hatch First 

Get SALT Encoding   

  12  0:00  Drone  
  13  0:13  Overlord  
  13  0:17  Drone  
  14  0:31  Drone x2  
  14  0:34  Drone  
  17  0:52  Hatchery  
  17  0:54  Drone  
  17  0:58  Drone  
  18  1:10  Extractor  
  17  1:13  Spawning Pool  
  17  1:16  Drone  
  17  1:19  Drone  
  18  1:30  Drone  
  19  1:39  Overlord  
  19  1:51  Drone  
  20  2:00  Zergling x2, Queen  
  23  2:04  Drone, Queen  
  26  2:12  Drone  
  26  2:13  Metabolic Boost  
  27  2:16  Drone  
  28  2:23  Drone  
  28  2:27  Drone  
  30  2:34  Zergling x2  
  31  2:39  Hatchery  
  31  2:43  Zergling x2  
  31  2:47  Queen  
  31  2:50  Drone  
  34  2:52  Drone  
  34  2:55  Drone  
  36  3:02  Overlord  
  36  3:12  Lair  
  36  3:21  Drone x6  
  36  3:22  Drone  
  43  3:29  Overlord  
  43  3:30  Drone  
  44  3:40  Extractor  
  43  3:42  Drone  
  43  3:43  Extractor  
  43  3:44  Drone  
  43  3:45  Overlord  
  44  3:49  Drone x4  
  44  3:52  Drone x2  
  44  3:54  Drone  
  51  3:57  Drone  
  52  4:03  Overlord  
  52  4:04  Drone  
  52  4:09  Drone x2, Extractor  
  54  4:10  Hydralisk Den  
  54  4:14  Drone x3  
  54  4:16  Drone  
  57  4:20  Overlord  
  57  4:25  Overlord  
  57  4:37  Overlord  
  56  4:39  Hydralisk, Muscular Augments  
  56  4:40  Hydralisk x2  
  56  4:43  Hydralisk  
  56  4:45  Zergling x4  
  66  4:48  Zergling x2  
  66  4:49  Zergling x2  
  66  4:50  Zergling x2  
  69  4:53  Hydralisk  
  69  4:56  Hydralisk  
  69  4:58  Hydralisk  
  75  5:02  Zergling x4  
  75  5:03  Zergling x2  
  75  5:06  Hydralisk  
  78  5:10  Zergling x6  
  78  5:13  Hydralisk  
  85  5:16  Zergling x2  
  85  5:17  Zergling x4  
  85  5:20  Hydralisk  
  86  5:30  Hydralisk x3  
  86  5:35  Zergling x6  
  87  5:37  Hydralisk  
  84  5:42  Zergling x2  
  84  5:43  Zergling x6  
  84  5:48  Hydralisk x2  
  82  5:50  Zergling x2  
  82  5:53  Zergling x4  
  82  5:54  Zergling x2  
  86  6:03  Hydralisk x3  
  85  6:06  Zergling x2  
  84  6:12  Spine Crawler  
  84  6:14  Hydralisk  
  84  6:15  Zergling x2  
  84  6:17  Hydralisk  
  89  6:27  Hydralisk  
  89  6:28  Hydralisk  
Show
View Real Time Build Order
Export as new Build Order

RAIL Protoss 

Build Orders: 1 Gate Expand 

Get SALT Encoding   

  12  0:00  Probe  
  13  0:12  Probe  
  14  0:17  Pylon  
  14  0:24  Probe (Chrono Boost)  
  15  0:37  Probe (Chrono Boost)  
  15  0:38  Gateway  
  16  0:44  Probe (Chrono Boost)  
  16  0:47  Assimilator  
  17  0:51  Probe  
  18  1:03  Probe  
  19  1:21  Nexus  
  19  1:31  Cybernetics Core  
  19  1:33  Probe  
  20  1:40  Assimilator  
  20  1:45  Probe  
  21  1:49  Pylon  
  21  1:58  Probe  
  22  2:05  Adept (Chrono Boost)  
  24  2:09  Warp Gate  
  24  2:10  Probe  
  25  2:22  Probe  
  26  2:24  Adept (Chrono Boost)  
  28  2:34  Probe  
  29  2:39  Probe  
  29  2:43  Stalker (Chrono Boost), Robotics Facility  
  30  2:48  Probe  
  33  2:53  Probe  
  34  3:00  Probe  
  34  3:02  Twilight Council  
  35  3:06  Zealot  
  35  3:07  Probe  
  38  3:15  Probe  
  38  3:16  Shield Battery  
  38  3:19  Probe  
  40  3:27  Probe  
  40  3:28  Gateway  
  40  3:31  Observer  
  40  3:32  Probe  
  43  3:36  Resonating Glaives (Chrono Boost)  
  43  3:39  Probe (Chrono Boost)  
  44  3:45  Gateway  
  44  3:48  Probe (Chrono Boost)  
  45  3:52  Pylon  
  46  3:56  Probe (Chrono Boost)  
  46  4:00  Gateway, Pylon  
  46  4:10  Probe x2  
  46  4:13  Warp Prism (Chrono Boost)  
  50  4:17  Gateway  
  50  4:21  Gateway  
  50  4:27  Gateway  
  50  4:29  Sentry  
  52  4:37  Adept  
  54  4:40  Pylon  
  54  4:42  Pylon  
  54  4:47  Adept  
  54  4:48  Pylon  
  56  4:54  Adept  
  56  4:58  Pylon  
  58  5:07  Adept  
  58  5:08  Adept x2  
  58  5:12  Adept  
  66  5:15  Adept  
  66  5:21  Adept  
  70  5:24  Adept x2  
  68  5:29  Adept x2  
  68  5:33  Adept  
  66  5:40  Adept  
  68  5:44  Adept x3  
  62  5:50  Adept  
  62  5:51  Adept  
  62  5:54  Adept  
  68  6:02  Adept  
  66  6:06  Adept x2  
  66  6:07  Adept  
  66  6:09  Adept x2  
  70  6:16  Adept  
  72  6:24  Adept  
  74  6:28  Adept x3  
  74  6:30  Adept  
  54  6:45  Adept x3  
  56  6:50  Adept x3  
Tags
 
Add a new tag
Caveats
  • Supply blocks, unpowered buildings, or Contaminate may cause inaccurate times.
  • Supply counts are checked every 10 seconds.